 Dungeon Crawl Stone Soup version 0.24-a0-203-gf0bc1e9 (webtiles) character file.

Game seed: 4544695135138719228

20981 Borgoz the Slicer (level 13, -2/78 HPs)
             Began as a Kobold Gladiator on Mar 26, 2019.
             Was a Priest of Ashenzari.
             Killed from afar by a manticore (14 damage)
             ... with a volley of spikes
             ... on level 12 of the Dungeon.
             The game lasted 00:36:06 (15748 turns).

Borgoz the Slicer (Kobold Gladiator)               Turns: 15748, Time: 00:36:07

Health: -2/78      AC: 12    Str: 14    XL:     13   Next: 16%
Magic:  17/20      EV: 24    Int: 10    God:    Ashenzari [***...]
Gold:   823        SH:  0    Dex: 18    Spells: 17/21 levels left

rFire    . . .     SeeInvis +   J - +0 dagger (vamp)
rCold    . . .     Gourm    .   (shield restricted)
rNeg     . . .     Faith    .   O - +0 troll leather armour
rPois    .         Spirit   .   c - +1 helmet
rElec    .         Reflect  .   v - +2 cloak {MR+}
rCorr    .         Harm     .   (no gloves)
MR       +....                  g - +0 pair of boots
Stlth    +++++.....             (no amulet)
HPRegen  0.63/turn              C - +3 ring of slaying
MPRegen  0.17/turn              F - ring of stealth

@: confusing touch, barbed spikes
A: small, carnivore
a: Curse Item, Scrying, Renounce Religion


You were on level 12 of the Dungeon.
You worshipped Ashenzari.
Ashenzari was most pleased with you.
You were very full.

You visited 2 branches of the dungeon, and saw 13 of its levels.
You also visited: Sewer.

You collected 823 gold pieces.

Inventory:

Hand Weapons
 a - a +0 rapier
 b - a +0 blowgun
 d - a +4 quarterstaff of chaos
 i - a +2 dagger of freezing
 k - a +2 dagger of chaos
 H - a +4 dagger of protection
 I - a +1 dagger of speed
 J - a +0 vampiric dagger (weapon)
Missiles
 t - 95 poisoned needles
 x - a throwing net (quivered)
 A - 16 tomahawks
Armour
 c - a +1 helmet (worn)
 g - a +0 pair of boots (worn)
 h - a +2 chain mail of cold resistance
 p - a +0 plate armour of fire resistance
 v - a +2 cloak of magic resistance (worn)
 O - a +0 troll leather armour (worn)
Jewellery
 s - an uncursed ring of protection from cold
 C - a +3 ring of slaying (left hand)
 F - a ring of stealth (right hand)
Wands
 B - a wand of paralysis (5)
 D - a wand of iceblast (13)
 L - a wand of flame (18)
 N - a wand of digging (6)
Scrolls
 j - 6 scrolls of remove curse
 r - a scroll of amnesia
 u - a scroll of fog
 y - 2 scrolls of enchant weapon
 z - 4 scrolls of enchant armour
 E - 3 scrolls of magic mapping
Potions
 e - 4 potions of might
 l - 4 potions of flight
 m - 2 potions of resistance
 n - 3 potions of invisibility
 q - 2 potions of agility
 w - 3 potions of curing
 M - 2 potions of ambrosia {unknown}
 Q - a potion of lignification {unknown}
Comestibles
 f - 20 rations
 G - 3 chunks of flesh


   Skills:
 + Level 7.8 Fighting
 * Level 12.7 Short Blades
 - Level 2.1 Throwing
 * Level 8.0 Armour
 * Level 11.7 Dodging
 + Level 9.5 Stealth
 + Level 4.8 Spellcasting
 + Level 5.4 Hexes
 + Level 6.1 Evocations


You had 17 spell levels left.
You knew the following spells:

 Your Spells              Type           Power        Failure   Level  Hunger
a - Confusing Touch       Hex            ##....       3%          1    #......
b - Confuse               Hex            ##......     9%          3    ###....

Your spell library contained the following spells:

 Spells                   Type           Power        Failure   Level  Hunger
 Gell's Gravitas          Tloc           #.........   63%         3    ###....
 Metabolic Englaciation   Hex/Ice        #.........   94%         5    ######.
 Yara's Violent Unravell  Hex/Tmut       #.........   94%         5    ######.
 Petrify                  Tmut/Erth      #.......     95%         4    #####..


Dungeon Overview and Level Annotations

Branches:
Dungeon (12/15)            Temple (1/1) D:5            Lair (0/6) D:10
    Orc (0/2) D:10

Altars:
Ashenzari
Cheibriados
Dithmenos
Elyvilon
Fedhas
Gozag
Hepliaklqana
Kikubaaqudgha
Makhleb
Nemelex Xobeh
Okawaru
Qazlal
Ru
Sif Muna
Trog
Uskayaw
Vehumet
Wu Jian
Xom
Yredelemnul
Zin
The Shining One

Shops:
D:4 [


Innate Abilities, Weirdness & Mutations

You are small and have problems with some larger weapons.
You are carnivorous and can eat meat at any time.


Message History

The killer bee completely misses you.
Casting: Confusing Touch (safe; 3% risk of failure)
Confirm with . or Enter, or press ? or * to list all spells.
Your hands begin to glow red.
The killer bee stings you but does no damage.
The manticore flicks its tail.
The volley of spikes misses you.
The killer bee stings you but does no damage.
You barely miss the killer bee.
The killer bee is moderately wounded.
The killer bee stings you!
* * * LOW HITPOINT WARNING * * *
You are poisoned.
The killer bee poisons you!
Unknown command.
You feel better. The killer bee completely misses you.
The manticore flicks its tail.
The volley of spikes hits you!
The barbed spikes become lodged in your body.
You die...

#..... *...P. #÷H###
#....# ##.#... #†#†Z.
#....# *.....#
*##†{..
#....###.#...#*
#..#HP #...).......#
,##....
##....H.#.##...,
##.H. ###...#....#*
,{{ #††# #....y.#####
{,*#.... #.....@####
, *#..### #.........#
*#.#., .
#.......#.#.## #.#!#
* #.........#..#*.#)#
,
#........#....#...#,
* #........#..≈.# #.#
#.........#.....#..
#........#..#...#.#∆∆
#........#....#...#∆*


You could see a manticore and a killer bee.

Vanquished Creatures
  A sphinx (D:12)
  A frost giant (D:12)
  A two-headed ogre (D:9)
  An ogre mage (D:12)
  2 cyclopes
  A manticore (D:12)
  An ugly thing (D:12)
  Psyche (D:12)
  2 trolls
  3 meliai (D:12)
  A queen bee (D:12)
  A hornet (D:10)
  3 hippogriffs
  31 yaks
  2 vampire mosquitoes (D:12)
  Menkaure (D:7)
  A water moccasin (D:9)
  5 orc warriors
  3 phantoms
  4 ice beasts
  2 necrophages
  2 sky beasts
  8 ogres
  12 centaurs
  2 crocodiles (D:12)
  6 big kobolds
  7 bullfrogs
  5 scorpions
  25 killer bees
  4 howler monkeys
  4 crimson imps
  3 bullfrog zombies
  2 quasits
  3 centaur zombies
  3 centaur skeletons
  3 jellies
  10 orc wizards
  2 bullfrog skeletons
  A gnoll shaman (D:5)
  An orc priest (D:8)
  Crazy Yiuf (D:2)
  6 hounds
  4 iguanas
  9 worker ants
  A killer bee zombie (D:9)
  2 hound skeletons
  10 gnolls
  3 howler monkey zombies
  6 river rats
  18 adders
  5 shadow imps
  2 oozes
  An adder skeleton (D:8)
  4 worms
  2 dart slugs
  6 leopard geckos
  32 orcs
  6 bats
  5 giant cockroaches
  9 goblins
  6 hobgoblins
  15 jackals
  34 kobolds
  2 quokkas (D:11)
  10 ball pythons
  5 frilled lizards
  A jackal skeleton (D:4)
  30 rats
  A fungus (D:2)
407 creatures vanquished.

Vanquished Creatures (others)
  A plant (D:12)
1 creature vanquished.

Grand Total: 408 creatures vanquished

Notes
Turn   | Place    | Note
-------+----------+-------------------------------------------
     0 | D:1      | Borgoz the Kobold Gladiator began the quest for the Orb.
     0 | D:1      | Reached XP level 1. HP: 12/12 MP: 1/1
    57 | D:1      | Reached XP level 2. HP: 13/17 MP: 2/2
   359 | D:1      | Reached skill level 1 in Stealth
   370 | D:1      | Reached XP level 3. HP: 21/22 MP: 3/3
   645 | D:2      | Found a faded altar of an unknown god.
   731 | D:2      | Reached skill level 1 in Armour
   872 | D:2      | Reached XP level 4. HP: 23/27 MP: 4/4
  1524 | D:3      | Reached XP level 5. HP: 26/31 MP: 5/5
  1587 | D:3      | Reached skill level 5 in Short Blades
  1604 | D:3      | Found a glowing drain.
  1681 | Sewer    | Entered a sewer
  2308 | Sewer    | Reached XP level 6. HP: 10/36 MP: 6/6
  2540 | Sewer    | Reached skill level 5 in Dodging
  2921 | D:3      | Found a sparkling altar of Nemelex Xobeh.
  3181 | D:2      | Found a runed translucent door.
  3182 | D:2      | Noticed Crazy Yiuf
  3191 | D:2      | Killed Crazy Yiuf
  3690 | D:4      | Reached skill level 6 in Short Blades
  3690 | D:4      | Reached XP level 7. HP: 38/41 MP: 7/7
  3728 | D:4      | Found Kileun's Antique Armour Shoppe.
  3980 | D:4      | Found a basalt altar of Yredelemnul.
  4084 | D:4      | Reached XP level 8. HP: 37/47 MP: 8/8
  4590 | D:5      | Entered Level 5 of the Dungeon
  4915 | D:5      | Reached skill level 7 in Short Blades
  4958 | D:5      | Found a staircase to the Ecumenical Temple.
  4996 | Temple   | Entered the Ecumenical Temple
  5059 | Temple   | Became a worshipper of Ashenzari the Shackled
  5931 | D:5      | Reached skill level 8 in Short Blades
  5949 | D:5      | Found a bloodstained altar of Trog.
  6225 | D:6      | Reached skill level 5 in Stealth
  6225 | D:6      | Reached XP level 9. HP: 34/52 MP: 9/9
  7374 | D:7      | Reached * piety under Ashenzari
  7539 | D:7      | Reached skill level 9 in Short Blades
  8100 | D:7      | Noticed Menkaure
  8107 | D:7      | Killed Menkaure
  8107 | D:7      | Reached skill level 5 in Fighting
  8107 | D:7      | Reached skill level 5 in Armour
  8306 | D:7      | Reached skill level 1 in Evocations
  8772 | D:7      | Learned a level 1 spell: Confusing Touch
  8834 | D:8      | Reached XP level 10. HP: 50/59 MP: 10/10
  9198 | D:8      | Reached skill level 1 in Hexes
  9371 | D:8      | Reached skill level 1 in Spellcasting
  9652 | D:8      | Reached skill level 10 in Short Blades
 10273 | D:8      | Reached ** piety under Ashenzari
 10753 | D:9      | Learned a level 3 spell: Confuse
 10777 | D:9      | Noticed a two-headed ogre
 10790 | D:9      | Killed a two-headed ogre
 10901 | D:9      | Reached XP level 11. HP: 52/64 MP: 14/14
 11372 | D:9      | Found a shattered altar of Ashenzari.
 11377 | D:9      | Saw a vision of the Swamp and the Snake Pit.
 11377 | D:9      | Noticed an alligator
 11377 | D:9      | Noticed an alligator
 11377 | D:9      | Noticed an alligator
 11377 | D:9      | Noticed a mana viper
 11377 | D:9      | Noticed a naga warrior
 11377 | D:9      | Noticed a shock serpent
 11377 | D:9      | Noticed a naga sharpshooter
 11377 | D:9      | Noticed a salamander
 12032 | D:10     | Entered Level 10 of the Dungeon
 12129 | D:10     | Paralysed by a hornet for 3 turns
 12144 | D:10     | Reached skill level 10 in Dodging
 12426 | D:10     | Found a staircase to the Orcish Mines.
 12561 | D:10     | Reached skill level 11 in Short Blades
 12887 | D:10     | Found a staircase to the Lair.
 13186 | D:11     | Noticed a cyclops
 13211 | D:11     | Killed a cyclops
 14072 | D:11     | Reached XP level 12. HP: 69/71 MP: 15/17
 14310 | D:11     | Found a burning altar of Makhleb.
 14415 | D:12     | Reached *** piety under Ashenzari
 14531 | D:12     | Reached skill level 5 in Evocations
 14532 | D:12     | Noticed Psyche
 14548 | D:12     | Killed Psyche
 14757 | D:12     | Reached skill level 12 in Short Blades
 15101 | D:12     | Noticed a sphinx
 15102 | D:12     | Noticed an ogre mage
 15248 | D:12     | Reached skill level 5 in Hexes
 15316 | D:12     | Killed an ogre mage
 15334 | D:12     | Killed a sphinx
 15334 | D:12     | Reached XP level 13. HP: 77/77 MP: 16/20
 15483 | D:12     | Noticed a frost giant
 15545 | D:12     | HP: 3/78 [frost giant/+2 battleaxe of freezing (4)]
 15563 | D:12     | Killed a frost giant
 15747 | D:12     | HP: 3/78 [killer bee (7)]
 15748 | D:12     | Killed from afar by a manticore

Levels and vault maps discovered:
D:1:      minmay_arrival_three_doors, layout_rooms
D:2:      minmay_spotlight, layout_rooms, chequers_ecumenical_altar_island,
          chequers_serial_rivers_marsh, chequers_serial_rivers_small_a,
          uniq_crazy_yiuf_cottage
D:3:      layout_basic, serial_glass, glass_columns_b, glass_columns_b,
          portal_sewer_entry_e, ebering_dispersal_statue_hall,
          nemelex_diamond_rough_becter
D:4:      layout_loops_ring, kennysheep_little_box, serial_shops,
          nicolae_shop_waterfront
D:5:      layout_basic, minmay_temple_entry_slanted, first_ration,
          kennysheep_flooded_box, minmay_fractal_squares_5
D:6:      layout_basic
D:7:      layout_basic, uniq_menkaure
D:8:      layout_loops_corners, grunt_ministairs_4
D:9:      layout_basic, blue_anna_alchemist [blue_anna_fruit_fields,
          blue_anna_fruit_fields], grunt_ashenzari_visionary
          [grunt_ashenzari_visionary_swamp, grunt_ashenzari_visionary_snake]
D:10:     layout_small_grid, dpeg_oklobed_lair, orc_0_dummy, minivault_24
D:11:     layout_cave_pools, basic_altar
D:12:     regret_index_tunnel_blossom, layout_basic, uniq_psyche
Temple:   compressed_dpeg_circular_temple
Sewer:    sewer_minmay_treatment

Skill      XL: |  1  2  3  4  5  6  7  8  9 10 11 12 13 |
---------------+----------------------------------------+-----
Stealth        | 1 2 3 5 6 7 8 9 |  9.5
Dodging        | 4 5 6 7 8 9 10 11 | 11.7
Armour         | 1 2 3 4 5 6 7 8 |  8.0
Short Blades   | 5 6 8 9 10 11 12 | 12.7
Fighting       | 3 4 5 6 7 |  7.8
Evocations     | 1 3 4 5 6 |  6.1
Hexes          | 3 4 5 |  5.4
Spellcasting   | 2 3 4 |  4.8
Throwing       | |  2.1

Action                   |  1- 3 |  4- 6 |  7- 9 | 10-12 | 13-15 || total
-------------------------+-------+-------+-------+-------+-------++-------
Melee: Rapier            |   111 |    34 |       |   530 |       ||   675
       Dagger            |       |   341 |   878 |   827 |    90 ||  2136
 Fire: Blowgun           |       |       |     5 |       |       ||     5
Throw: Throwing net      |       |     3 |     3 |     1 |     2 ||     9
 Cast: Confusing Touch   |       |       |       |    66 |    13 ||    79
Evoke: Wand              |       |       |       |     3 |     2 ||     5
  Use: Scroll            |     2 |     7 |       |     9 |     1 ||    19
       Potion            |       |     2 |     2 |     5 |     5 ||    14
 Stab: Invisible         |       |     1 |       |       |       ||     1
       Sleeping          |       |     1 |    10 |    21 |     1 ||    33
       Held in net/web   |       |     1 |     2 |     2 |       ||     5
       Distracted        |       |       |     1 |     1 |       ||     2
       Confused          |       |       |       |    59 |     7 ||    66
       Paralysed         |       |       |       |     2 |       ||     2
  Eat: Chunk             |     8 |    10 |    17 |    27 |     1 ||    63
Armor: Leather armour    |     4 |       |       |       |       ||     4
       Ring mail         |    22 |    88 |   144 |   153 |       ||   407
       Troll leather arm |       |       |       |   101 |    20 ||   121
Dodge: Dodged            |    97 |   290 |   437 |   936 |    90 ||  1850

Table legend:
 A = Non-vault XP
 B = Vault XP
 C = Vault XP percentage of total XP
 D = Non-vault monster count
 E = Vault monster count
 F = Vault count percentage of total count
                 A         B        C        D         E       F
            +---------+---------+-------+---------+---------+-------
      Total |   18104 |   11870 |  39.6 |     294 |     112 |  27.6
            +---------+---------+-------+---------+---------+-------
        D:1 |      33 |       0 |   0.0 |      18 |       0 |   0.0
        D:2 |      50 |      51 |  50.5 |      19 |       6 |  24.0
        D:3 |      54 |      50 |  48.1 |      21 |       8 |  27.6
        D:4 |     545 |       0 |   0.0 |      13 |       0 |   0.0
        D:5 |     782 |     146 |  15.7 |      30 |       2 |   6.2
        D:6 |     788 |       0 |   0.0 |      14 |       0 |   0.0
        D:7 |     927 |     172 |  15.7 |      29 |       1 |   3.3
        D:8 |    2288 |     224 |   8.9 |      34 |       2 |   5.6
        D:9 |    3263 |     103 |   3.1 |      31 |       1 |   3.1
       D:10 |    1729 |       0 |   0.0 |      22 |       0 |   0.0
       D:11 |    5482 |     127 |   2.3 |      44 |       2 |   4.3
       D:12 |    2163 |   10762 |  83.3 |      19 |      42 |  68.9
      Sewer |       0 |     235 | 100.0 |       0 |      48 | 100.0
            +---------+---------+-------+---------+---------+-------
